 Dungeon Crawl Stone Soup version 0.26.1-11-gd32895ea62 (webtiles) character file.

Game seed: 1435740918287414350

98 mankey1987 the Ducker (level 4, -4/72 HPs)
             Began as an Ogre Berserker on May 31, 2021.
             Was a Follower of Trog.
             Slain by Sigmund
             ... wielding a +1 vorpal scythe
              (9 damage)
             ... on level 2 of the Dungeon.
             The game lasted 00:02:31 (1730 turns).

mankey1987 the Ducker (Ogre Berserker)              Turns: 1730, Time: 00:02:32

Health: -4/72      AC:  5    Str: 21    XL:     4   Next: 71%
Magic:  4/4        EV: 11    Int:  8    God:    Trog [*.....]
Gold:   46         SH:  0    Dex:  9    Spells: 3/3 levels left

rFire    . . .     SeeInvis .   a - +0 mace
rCold    . . .     Faith    .   (no shield)
rNeg     . . .     Spirit   .   m - +2 robe {Archmagi}
rPois    .         Reflect  .   (helmet restricted)
rElec    .         Harm     .   (no cloak)
rCorr    .         Rampage  .   (gloves unavailable)
Will     .....                  (boots unavailable)
Stlth    ..........             (no amulet)
HPRegen  0.22/turn              (no ring)
MPRegen  0.09/turn              (no ring)

@: berserking, attractive, very quick
A: large, unfitting armour, tough skin 1
a: Renounce Religion, Berserk


You were on level 2 of the Dungeon.
You worshipped Trog.
Trog was aware of your devotion.
You visited 1 branch of the dungeon, and saw 3 of its levels.

You collected 46 gold pieces.

Inventory:

Hand Weapons
 a - a +0 mace (weapon)
Armour
 m - a +2 robe of the Archmagi (worn)
Scrolls
 f - a scroll of enchant weapon
 h - 2 scrolls of magic mapping {unknown}
 l - a scroll of teleportation {unknown}
Potions
 g - a potion of berserk rage
 i - a potion of invisibility {unknown}
 j - a potion of degeneration {unknown}
 k - a potion of brilliance {unknown}


   Skills:
 - Level 4.0 Fighting
 - Level 2.6 Maces & Flails
 + Level 4.8 Dodging


You had 3 spell levels left.
You didn't know any spells.
Your spell library was empty.

Dungeon Overview and Level Annotations

Branches:
Dungeon (3/15)

Altars:

Annotations:
D:2 Sigmund


Innate Abilities, Weirdness & Mutations

You are too large for most types of armour.
You have tough skin. (AC +1)


Message History

You are too injured to fight recklessly!
You are too injured to fight recklessly!
You are too injured to fight recklessly!
You are too injured to fight recklessly!
You are too injured to fight recklessly!
You hear some strange, mumbled words.
A puff of flame appears from out of thin air!
The puff of flame hits you!
* * * LOW HITPOINT WARNING * * *
You see here a hound corpse.
It was a potion of attraction.
You feel attractive to monsters. Something hits you.
* * * LOW HITPOINT WARNING * * *
x2 Drop what? 9/52 slots (_ for help) (? for menu, Esc to quit)
Okay, then.
It was a potion of berserk rage.
A red film seems to cover your vision as you go berserk!
You feel yourself moving faster!
You feel mighty! Something hits you!
You die...

###+# #####.#
#.....# #.....#
#####...))#
#.........#
#.......#)#######
#..(............#
#...............'
#....@..........#
#.....{...........#
#.....###..?......#
#..... #.........'
#..... #.........#
#..... #####......
#.... .##### #...
.# ..


There were no monsters in sight!

Vanquished Creatures
  A hound (D:2)
  4 gnolls (D:2)
  A dart slug (D:1)
  3 ball pythons
  3 giant cockroaches
  A goblin (D:2)
  3 hobgoblins
  3 jackals (D:1)
  4 kobolds (D:1)
  3 bats (D:1)
  A frilled lizard (D:1)
  A rat (D:1)
28 creatures vanquished.

Notes
Turn   | Place    | Note
-------+----------+-------------------------------------------
     0 | D:1      | mankey1987 the Ogre Berserker began the quest for the Orb.
     0 | D:1      | Reached XP level 1. HP: 24/24 MP: 1/1
   397 | D:1      | Reached XP level 2. HP: 32/32 MP: 2/2
   968 | D:1      | Reached XP level 3. HP: 36/39 MP: 3/3
  1590 | D:2      | Reached XP level 4. HP: 28/48 MP: 4/4
  1719 | D:2      | Noticed Sigmund
  1730 | D:2      | Slain by Sigmund

Illustrated notes

Levels and vault maps discovered:
D:1:      minmay_arrival_cross, layout_basic
D:2:      layout_basic, kennysheep_potato, uniq_sigmund
D:3:      layout_basic

Skill      XL: |  1  2  3 |
---------------+----------+-----
Dodging        | 3 4 |  4.8
Fighting       | |  4.0
Maces & Flails | |  2.6

Action                   |  1- 3 |  4- 6 || total
-------------------------+-------+-------++-------
Melee: Mace              |    85 |    12 ||    97
Invok: Berserk           |     4 |       ||     4
  Use: Scroll            |       |     3 ||     3
       Potion            |       |     2 ||     2
Armor: Animal skin       |    52 |       ||    52
       Robe              |     3 |     4 ||     7
Dodge: Dodged            |    86 |     8 ||    94
